 Dungeon Crawl Stone Soup version 0.30.1-9-gdf580d7c3d (webtiles) character file.

Game seed: 17809388655134291036

7527 kaesle the Cleaver (level 11, -3/95 HPs)
             Began as a Hill Orc Fighter on Oct 18, 2023.
             Was an Initiate of Yredelemnul.
             Slain by a +1 broad axe of chaos (17 damage)
             ... on level 9 of the Dungeon.
             The game lasted 00:33:15 (6760 turns).

kaesle the Cleaver (Hill Orc Fighter)               Turns: 6760, Time: 00:33:16

Health: -3/95      AC: 12    Str: 22    XL:     11   Next: 16%
Magic:  17/17      EV: 13    Int:  8    God:    Yredelemnul [......]
Gold:   257        SH:  0    Dex: 12    Spells: 10/10 levels left

rFire   . . .        a - +3 war axe (spect)
rCold   . . .        (no shield)
rNeg    . . .        u - +0 chain mail
rPois   .            (no helmet)
rElec   .            (no cloak)
rCorr   .            K - +0 pair of gloves
SInv    +            (no boots)
Will    .....        l - amulet of regeneration Stlth
                     y - ring of see invisible
HPRegen 1.15/turn    (no ring)
MPRegen 0.15/turn

%: no passive effects
@: agile
A: no striking features
a: Renounce Religion, Recall Undead Harvest


You were on level 9 of the Dungeon.
You worshipped Yredelemnul.
Yredelemnul was aware of your devotion.
You visited 1 branch of the dungeon, and saw 9 of its levels.

You collected 459 gold pieces.
You spent 202 gold pieces at shops.

Inventory:

Hand Weapons
 a - a +3 spectral war axe (weapon)
 b - a +1 arbalest of draining
 F - a +3 flail
Missiles
 c - 3 javelins (quivered)
 d - a throwing net
Armour
 h - a scarf of invisibility
 k - a +0 kite shield
 u - a +0 chain mail (worn)
 J - the +0 scale mail of the Eternal Void {Str+3}
   (You found it on level 7 of the Dungeon)

   Str:       It affects your strength (+3).
 K - a +0 pair of gloves (worn)
Jewellery
 i - an amulet of faith
 l - an amulet of regeneration (around neck)
 p - a ring of wizardry
 x - a ring of resist corrosion
 y - a ring of see invisible (left hand)
Wands
 z - a wand of polymorph (8)
 E - a wand of mindburst (25)
 H - a wand of flame (34)
 I - a wand of roots (7)
 L - a wand of digging (4)
Scrolls
 f - 2 scrolls of poison
 m - 4 scrolls of immolation
 n - 2 scrolls of teleportation {unknown}
 o - 2 scrolls of amnesia
 q - a scroll of noise {unknown}
 s - a scroll of enchant armour {unknown}
 t - 2 scrolls of magic mapping
 v - 2 scrolls of fog
 D - 2 scrolls of vulnerability {unknown}
Potions
 e - 4 potions of invisibility
 g - a potion of haste {unknown}
 j - a potion of berserk rage {unknown}
 w - 3 potions of flight
 A - 2 potions of brilliance
 B - a potion of ambrosia {unknown}
 C - a potion of resistance {unknown}


   Skills:
 + Level 8.7 Fighting
 + Level 8.9 Axes
 + Level 5.1 Ranged Weapons
 + Level 5.7 Throwing
 + Level 7.8 Armour
 + Level 8.0 Shields
 + Level 8.3 Invocations


You had 10 spell levels left.
You didn't know any spells.
Your spell library contained the following spells:

 Spells                   Type           Power      Damage    Failure   Level
 Kiss of Death            Conj/Necr      0%         2d5       93%         1
 Dazzling Flash           Conj/Hex       0%         N/A       100%        3
 Ignite Poison            Fire/Tmut/Pois 0%         N/A       100%        3
 Ozocubu's Armour         Ice            0%         N/A       100%        3
 Sticky Flame             Conj/Fire      0%         2d3       100%        4
 Alistair's Intoxication  Tmut/Pois      0%         N/A       100%        5
 Iskenderun's Battlesphe  Conj           0%         2d6       100%        5
 Metabolic Englaciation   Hex/Ice        0%         N/A       100%        5
 Ignition                 Fire           0%         3d3       100%        8
 Simulacrum               Ice/Necr       Unusable   N/A       N/A         6

Dungeon Overview and Level Annotations

Branches:
Dungeon (9/15)             Temple (0/1) D:4            Lair (0/5) D:8
    Orc: D:9-12

Altars:
Ashenzari
Hepliaklqana
Kikubaaqudgha
Nemelex Xobeh
Okawaru
Ru
Sif Muna
Trog
Uskayaw
Vehumet
Wu Jian
Xom
Yredelemnul
Zin

Shops:
D:2 (   D:4 =


Message History

You closely miss booth's ghost.
Booth's ghost is almost destroyed.
Your +3 spectral war axe hits booth's ghost!
Booth's ghost misses you.
You barely miss booth's ghost.
Booth's ghost is almost destroyed.
Your +3 spectral war axe closely misses booth's ghost.
Booth's ghost hits you but does no damage.
Booth's ghost barely misses you.
You hit booth's ghost but do no damage.
Booth's ghost is almost destroyed.
Your +3 spectral war axe barely misses booth's ghost.
Booth's ghost hits you but does no damage.
You hit booth's ghost but do no damage.
Booth's ghost is almost destroyed.
Your +3 spectral war axe barely misses booth's ghost.
Booth's ghost misses you.
You miss booth's ghost.
Booth's ghost is almost destroyed.
Your +3 spectral war axe barely misses booth's ghost.
Booth's ghost hits you!
* * * LOW HITPOINT WARNING * * *
You miss booth's ghost.
Booth's ghost is almost destroyed.
Your +3 spectral war axe hits booth's ghost!
You destroy booth's ghost!
Something hits your +3 spectral war axe!
Your spectral weapon shares its damage with you!
Something burns your +3 spectral war axe.
Your spectral weapon shares its damage with you!
* * * LOW HITPOINT WARNING * * *
Your life force feels restored.
Your Shields skill increases to level 8!
You start resting.
Your +3 spectral war axe disappears.
The +1 broad axe of chaos hits you but does no damage.
The +1 broad axe of chaos attacks as you move away!
The +1 broad axe of chaos hits you!
You die...
Your body rises from the dead as a mindless zombie.

#..........>......+
#......#####......#
######.# #......# #.###
#......# #...# #......#
#.#.###......#
######..(....######
#.......W..#(#########
#.....##'###@........#
#.....#?_.#....#####
#.....##.#####.#
#......### #.#####
#........ ####.#...
#.........+...W#.#
#.........##...Z.########
#.........##............#
#####+###.##............#


You could see a +1 broad axe of chaos.

Vanquished Creatures
  A two-headed ogre (D:8)
  The ghost of booth the Cleaver, a novice DrMo (D:9)
  Pikel (D:7)
  Joseph (D:7)
  Maggie (D:7)
  A komodo dragon (D:8)
  Sigmund (D:3)
  3 yaks (D:9)
  4 water moccasins
  2 orc warriors (D:8)
  An ice beast (D:6)
  2 ogres
  4 centaurs
  A phantom (D:4)
  3 lemures (D:7)
  7 bullfrogs
  2 kobold brigands (D:8)
  A scorpion (D:5)
  2 wights (D:6)
  12 killer bees
  A howler monkey (D:9)
  4 hounds
  2 orc priests
  A jelly (D:6)
  5 iguanas
  A sleepcap (D:5)
  9 orc wizards
  A killer bee zombie (D:7)
  A mummy (D:5)
  5 gnolls
  2 adders
  A worm (D:3)
  24 orcs
  4 bats
  4 endoplasms
  2 giant cockroaches
  6 goblins
  8 hobgoblins
  3 jackals (D:3)
  8 quokkas
  6 ball pythons
  A ball python zombie (D:4)
  4 frilled lizards
  A gnoll zombie (D:4)
  A hobgoblin zombie (D:4)
  13 kobolds
  5 rats
  A spectral kobold (D:4)
175 creatures vanquished.

Vanquished Creatures (collateral kills)
  3 yaks (D:9)
  A bullfrog (D:6)
  2 scorpions
  2 wights (D:6)
  2 killer bees
  2 howler monkeys (D:7)
  4 hounds
  A jelly (D:8)
  3 iguanas
  2 orc wizards
  A gnoll (D:5)
  2 adders (D:5)
  A shadow imp (D:6)
  An ufetubus (D:6)
  3 orcs (D:7)
  6 kobolds (D:8)
  A ball python (D:4)
37 creatures vanquished.

Vanquished Creatures (others)
  A yak zombie (D:9)
  A bullfrog zombie (D:7)
  2 centaur zombies
  5 kobold zombies
  2 killer bee zombies
  A jelly zombie (D:8)
  8 orc zombies
20 creatures vanquished.

Grand Total: 232 creatures vanquished

Notes
Turn   | Place    | Note
-------+----------+-------------------------------------------
     0 | D:1      | kaesle the Hill Orc Fighter began the quest for the Orb.
     0 | D:1      | Reached XP level 1. HP: 19/19 MP: 1/1
   149 | D:1      | Reached XP level 2. HP: 26/27 MP: 2/2
   526 | D:1      | Found a faded altar of an unknown god.
   830 | D:2      | Reached XP level 3. HP: 10/33 MP: 3/3
   993 | D:2      | Reached skill level 1 in Invocations
  1094 | D:2      | Reached skill level 1 in Throwing
  1094 | D:2      | Reached XP level 4. HP: 29/40 MP: 3/5
  1096 | D:2      | Found Kynemi's Antique Weapon Shoppe.
  1519 | D:3      | Got the Vademecum on Green Trauma
  1539 | D:3      | Noticed Sigmund
  1691 | D:3      | Found a basalt altar of Yredelemnul.
  1708 | D:3      | Became a worshipper of Yredelemnul the Dark
  1770 | D:3      | Reached XP level 5. HP: 47/47 MP: 6/6
  1803 | D:3      | Killed Sigmund
  1804 | D:3      | Reached XP level 6. HP: 37/55 MP: 6/8
  2228 | D:4      | Reached * piety under Yredelemnul
  2229 | D:4      | Reached skill level 5 in Fighting
  2377 | D:4      | Found a staircase to the Ecumenical Temple.
  2497 | D:4      | Found a glowing silver altar of Zin.
  2510 | D:4      | Found Gizxuad's Jewellery Emporium.
  2554 | D:4      | Reached XP level 7. HP: 58/61 MP: 9/9
  2642 | D:2      | Bought a glowing arbalest for 202 gold pieces
  2708 | D:5      | Entered Level 5 of the Dungeon
  2813 | D:5      | Found a hide-covered altar of Uskayaw.
  2987 | D:5      | Reached ** piety under Yredelemnul
  2994 | D:5      | Reached skill level 1 in Ranged Weapons
  3101 | D:5      | Reached skill level 5 in Axes
  3144 | D:5      | Reached skill level 5 in Shields
  3663 | D:5      | Reached XP level 8. HP: 54/69 MP: 11/11
  3687 | D:5      | Reached skill level 5 in Armour
  3821 | D:5      | Found an iron altar of Okawaru.
  3942 | D:6      | Found a sparkling altar of Nemelex Xobeh.
  4541 | D:6      | Found a radiant altar of Vehumet.
  4731 | D:6      | Reached skill level 5 in Invocations
  4848 | D:6      | Reached XP level 9. HP: 22/74 MP: 12/12
  5044 | D:7      | Noticed Pikel
  5054 | D:7      | Killed Pikel
  5163 | D:7      | Your ally Pikel died
  5325 | D:7      | Noticed Maggie
  5339 | D:7      | Killed Maggie
  5621 | D:7      | Noticed Joseph
  5639 | D:7      | Killed Joseph
  5640 | D:7      | Reached XP level 10. HP: 57/86 MP: 13/15
  5735 | D:7      | Found an ornate altar of the Wu Jian Council.
  5820 | D:7      | Found a broken altar of Ashenzari.
  5820 | D:7      | Found a shimmering blue altar of Sif Muna.
  5821 | D:7      | Found an ancient bone altar of Kikubaaqudgha.
  5824 | D:7      | Found a sacrificial altar of Ru.
  5825 | D:7      | Found a hazy altar of Hepliaklqana.
  5872 | D:7      | Identified the +0 scale mail of the Eternal Void {Str+3}
  5937 | D:8      | Found a bloodstained altar of Trog.
  6111 | D:8      | Found a staircase to the Lair.
  6163 | D:8      | Noticed a two-headed ogre
  6179 | D:8      | Killed a two-headed ogre
  6180 | D:8      | Reached skill level 5 in Throwing
  6578 | D:9      | Reached XP level 11. HP: 69/95 MP: 15/17
  6582 | D:9      | Reached skill level 5 in Ranged Weapons
  6585 | D:9      | Reached *** piety under Yredelemnul
  6669 | D:9      | Found a runed translucent door.
  6669 | D:9      | Found a shimmering altar of Xom.
  6669 | D:9      | Noticed booth's ghost (novice DrMo)
  6670 | D:9      | Noticed a +1 broad axe of chaos
  6757 | D:9      | Killed booth's ghost
  6760 | D:9      | Slain by a +1 broad axe of chaos

Illustrated notes

Levels and vault maps discovered:
D:1:      minmay_arrival_open_corners, layout_basic,
          shapermc_ecumenical_altar_mp_ritualfount, minmay_misc_feat_cross,
          dreamdust_wishing_well, lemuel_flame_loot_1
D:2:      layout_rooms, serial_shops, shop
D:3:      layout_rooms, yredelemnul_altar_generic, uniq_sigmund
D:4:      layout_basic, mainiacjoe_overflow_six_doors_small,
          minmay_temple_entry_grid, serial_shops, nicolae_shop_hallway_plus
D:5:      layout_loops_corners, nicolae_uskayaw_dance_hall,
          hellmonk_okawaru_the_only_friend_you_need, gup_ossuary_entry_pyramid,
          dreamdust_gnoll_farm
D:6:      layout_gridville, mainiacjoe_overflow_tiny_flanked,
          kennysheep_mini_moat, dreamdust_princess_corridor
D:7:      layout_gridville, pdpol_wu_jian_five_deadly_venoms, minitemple,
          minmay_misc_feat_rows, uniq_maggie, uniq_pikel, uniq_joseph
D:8:      layout_gridville, trog_butcher_becter, david_lair_shrubbed,
          st_stairs_5
D:9:      layout_basic, fedhas_altar_fruit_tree, david_orc_2, ebering_ghost_xom

Skill      XL: |  1  2  3  4  5  6  7  8  9 10 11 |
---------------+----------------------------------+-----
Axes           | 3 4 5 6 7 8 |  8.9
Fighting       | 4 5 6 7 8 |  8.7
Invocations    | 1 2 3 4 5 6 8 |  8.3
Throwing       | 1 2 3 4 5 |  5.7
Shields        | 4 5 6 7 8 |  8.0
Armour         | 4 5 6 7 |  7.8
Ranged Weapons | 1 2 4 5 |  5.1

Action                     |  1- 3 |  4- 6 |  7- 9 | 10-12 || total
---------------------------+-------+-------+-------+-------++-------
  Melee: War axe           |   112 |   119 |   170 |   116 ||   517
         Punch             |       |       |     1 |     1 ||     2
   Fire: Arbalest          |       |       |     7 |     3 ||    10
  Throw: Javelin           |       |       |       |     1 ||     1
 Invoke: Recall Undead Har |       |     1 |     1 |       ||     2
         Dark Bargain      |       |       |    10 |     5 ||    15
    Use: Potion            |       |     1 |     4 |     2 ||     7
         Scroll            |       |     1 |     7 |     4 ||    12
   Stab: Distracted        |       |       |     4 |     1 ||     5
 Armour: Scale mail        |    49 |    33 |       |       ||    82
         Chain mail        |       |    30 |   120 |    70 ||   220
  Dodge: Dodged            |    41 |    36 |    92 |    61 ||   230
  Block: Buckler           |    12 |       |       |       ||    12
         Kite shield       |    38 |    54 |    36 |       ||   128
